[Event "ETCC Open 2023"]
[Site "Budva"]
[Date "2023.11.11"]
[Round "1.65"]
[White "Nielsen, Hogni Egilstoft"]
[Black "Theodorou, Nikolas"]
[Result "0-1"]
[ECO "C55"]
[WhiteElo "2387"]
[BlackElo "2619"]
[Annotator "TA"]
[PlyCount "102"]
[EventDate "2023.11.10"]
[EventType "team-tourn"]
[EventCountry "MNE"]
[SourceTitle "playchess.com"]
[Source "ChessBase"]
[SourceQuality "1"]
[WhiteTeam "Faroe Islands"]
[BlackTeam "Greece"]
[WhiteTeamCountry "FAI"]
[BlackTeamCountry "GRE"]
[TimeControl "40/5400+30:1800+30"]

1. e4 e5 2. Nf3 Nc6 3. Bc4 Nf6 4. d3 h6 5. c3 d6 6. a4 {[%emt 0:05:18] C55: Two Knights: 4 d3, 4 d4 exd4 5 e5 and Max Lange Attack.} g6 7. Nbd2 Bg7 8. Nf1 (8. b4 $14) 8... O-O 9. Ng3 d5 10. exd5 Nxd5 11. O-O {[%emt 0:04:19] [#]} Kh7 $146 ({Predecessor:} 11... a6 12. Re1 Be6 13. a5 Qc8 14. Qb3 Rd8 15. Qa2 f5 16. Bd2 Bf7 17. Rad1 Rd7 {0-1 Alonso Garcia,A (2242)-Ladron de Guevara Pinto,P (2429) La Roda op 46th 2019 (7)}) 12. a5 Rb8 13. Re1 f5 14. h3 (14. h4 {seems wilder.} Qd6 15. Qb3 Nde7 16. Qa4) 14... Be6 15. Bb5 Nde7 16. Qa4 (16. a6 $11) 16... Bd5 17. Nh2 (17. a6 $11) 17... a6 $17 18. Bc4 Bxc4 19. Qxc4 Qd7 20. Nf3 Rbd8 (20... Qd5 {simplifies} 21. Qxd5 Nxd5 22. Bd2 Rbe8) 21. Bg5 $1 Qxd3 (21... hxg5 {leads to mate.} 22. Nxg5+ Kh8 23. Qh4+) 22. Qxd3 Rxd3 23. Bxe7 Nxe7 24. Nxe5 Rd5 25. Nd3 {[%emt 0:03:41] Excellent horsemanship.} Nc6 26. Nf4 Rd6 27. Ne6 $1 Rf7 28. Nxg7 Kxg7 29. b4 Rd3 30. Rac1 Re7 {[%emt 0:03:13] Hoping for ...Rxe1+.} 31. Kf1 Red7 32. Ne2 g5 {[%emt 0:02:01] Wards off Nf4} 33. Ng3 Kf6 34. Re8 Rd8 35. Rxd8 Rxd8 $11 {[%emt 0:00:03][%mdl 4096] Endgame KRN-KRN} 36. Ke2 Ne5 37. Rd1 (37. Rb1 $17) 37... Rxd1 $19 38. Kxd1 {[%emt 0:00:02] [#] KN-KN} Nd3 $1 39. Ke2 {[%emt 0:00:58] [#]} Nf4+ 40. Kf3 (40. Kf1 $142) 40... Ke5 41. c4 (41. Nf1 $142) 41... Nd3 42. b5 Nb2 43. c5 axb5 44. c6 bxc6 45. a6 {[%emt 0:01:19] Threatens to win with a7.} Nc4 46. Nf1 Nb6 47. Ne3 h5 48. Ke2 c5 49. a7 f4 50. Nd1 (50. Nf1) 50... Kd4 51. Kd2 b4 {[%emt 0:00:17] Wards off Nc3.   Weighted Error Value: White=0.29 (precise) /Black=0.10 (very precise)} 0-1

[Event "ETCC Open 2023"]
[Site "Budva"]
[Date "2023.11.11"]
[Round "1.66"]
[White "Mastrovasilis, Dimitrios"]
[Black "Poulsen, Martin"]
[Result "1-0"]
[ECO "C10"]
[WhiteElo "2573"]
[BlackElo "2291"]
[Annotator "TA"]
[PlyCount "89"]
[EventDate "2023.11.10"]
[EventType "team-tourn"]
[EventCountry "MNE"]
[SourceTitle "playchess.com"]
[Source "ChessBase"]
[SourceQuality "1"]
[WhiteTeam "Greece"]
[BlackTeam "Faroe Islands"]
[WhiteTeamCountry "GRE"]
[BlackTeamCountry "FAI"]
[TimeControl "40/5400+30:1800+30"]

1. e4 e6 2. d4 d5 3. Nc3 dxe4 4. Nxe4 Nd7 5. g3 Ngf6 6. Nxf6+ Nxf6 7. Nf3 Bd7 {[%emt 0:10:56] C10: French with 3 Nc3: Unusual Black 3rd moves and 3...dxe4.} 8. Bg2 Bc6 9. O-O Bd6 {[%emt 0:01:28] White has an edge.} 10. Re1 O-O 11. c4 {[%emt 0:01:11] [#]} Re8 $146 ({Predecessor:} 11... a5 12. Qc2 Bb4 13. Re2 a4 14. a3 Bd6 15. Bd2 Re8 16. Rae1 Bf8 17. h4 h6 {1-0 Mikoska,J (2234)-Sindelar,F (2001) CZE-chT12 4P email 2016 [4]}) 12. Qc2 Bxf3 13. Bxf3 c6 14. Be3 e5 15. dxe5 Bxe5 16. Rad1 Qc7 17. Re2 Re6 18. b4 Rae8 19. b5 {[%emt 0:02:42] White has more active pieces.} c5 20. Rde1 Bd6 21. Kg2 (21. Bg5 {with more complications.} Be5 22. Bd5 R6e7 23. Qf5) 21... h6 22. a4 R8e7 23. Qd2 Ne4 24. Qd3 {[%emt 0:00:39] Hoping for Bxe4.} Nf6 25. a5 Qxa5 {[%emt 0:04:38] [#]} 26. Bxh6 $1 {[%emt 0:01:27] Strongly threatening Rxe6.} Rxe2 27. Rxe2 Rxe2 28. Bxe2 {[%emt 0:00:09] A strong pair of Bishops.} Qc7 29. Bd2 Qe7 30. Bf3 {[%emt 0:00:44] White now steadily converts the win.} b6 31. h4 Qe6 32. h5 Nd7 33. Bd5 (33. Qe2 {simplifies} Qxe2 34. Bxe2 Nf6 35. f4) 33... Qf6 (33... Qe7 $16 {was worth a try.} 34. Qf3 Be5) 34. f4 {[%emt 0:01:41] aiming for Bc3. Black is weak on the light squares} Qb2 (34... Nf8 {keeps fighting.} 35. Bc3 Qe7) 35. Kh3 $2 ({Not} 35. Bxf7+ Kxf7 36. Qxd6 Nf6 $16) (35. Bc6 $18 {is the precise move to win.}) 35... Nf6 (35... Qd4 $16 36. Qe2 Nf6) 36. Bc3 $18 Qb3 {[%emt 0:00:18] [#]} 37. h6 $1 {[%emt 0:00:52][%cal Od3g6][%mdl 512] White wants to mate with Qg6!} Bf8 {[%emt 0:00:56] [#]} (37... Nxd5 38. h7+) 38. h7+ $1 {[%emt 0:01:04][%mdl 576] Deflection} Kh8 39. Bxf7 Qa3 40. Bg6 Be7 41. Qf3 Bf8 42. Qd3 Be7 $1 43. Bxf6 {[%emt 0:01:42] White mates.} Qxd3 44. Bxg7+ Kxg7 45. Bxd3 {[%emt 0:00:07] A cool game by Mastrovasilis.   Weighted Error Value: White=0.31/Black=0.34} 1-0

[Event "ETCC Open 2023"]
[Site "Budva"]
[Date "2023.11.11"]
[Round "1.67"]
[White "Egilstoft, Rogvi"]
[Black "Papaioannou, Ioannis"]
[Result "1/2-1/2"]
[ECO "B22"]
[WhiteElo "2254"]
[BlackElo "2623"]
[Annotator "TA"]
[PlyCount "120"]
[EventDate "2023.11.10"]
[EventType "team-tourn"]
[EventCountry "MNE"]
[SourceTitle "playchess.com"]
[Source "ChessBase"]
[SourceQuality "1"]
[WhiteTeam "Faroe Islands"]
[BlackTeam "Greece"]
[WhiteTeamCountry "FAI"]
[BlackTeamCountry "GRE"]
[TimeControl "40/5400+30:1800+30"]

1. e4 c5 2. c3 d5 3. exd5 Qxd5 4. d4 Nf6 5. Nf3 e6 6. Be2 cxd4 7. cxd4 Nc6 8. O-O Be7 9. Nc3 Qd6 10. Bg5 O-O 11. Qd2 {[%emt 0:01:12] 11.Rc1 is not played anymore.} b6 12. Nb5 {[%emt 0:27:30] B22: Sicilian: 2 c3.} Qd8 13. Ne5 Bb7 14. Bf3 Nd5 15. Bxe7 Ncxe7 16. Rac1 {[%emt 0:01:13] [#]} f6 $146 ({Predecessor:} 16... Nf5 17. Nc7 Rc8 18. Nxd5 Rxc1 19. Rxc1 Bxd5 20. Qc3 h6 21. b3 Bxf3 22. Nxf3 Qd6 {0-1 Tscharotschkin,M-Kaeser,U (2280) Dortmund op-A 1992 (5)}) 17. Nd3 Qd7 18. a4 a6 19. Nc7 Rac8 20. Nxd5 Bxd5 21. Bxd5 Nxd5 22. a5 bxa5 23. Qxa5 Qb5 24. Qxb5 axb5 25. g3 Kf7 26. Nc5 Ra8 27. Rfe1 Rfc8 28. Ra1 Rxa1 29. Rxa1 $11 {[%emt 0:00:01][%mdl 4096] Endgame KRN-KRN} Rc7 30. Ra5 b4 31. Kg2 Ne7 32. Rb5 Nc6 {[%emt 0:00:31] [#]} (32... Nf5 $11 {keeps the balance.}) 33. Nxe6 $1 $16 {[%emt 0:00:43][%mdl 64] Remove Defender, Decoy} Rd7 34. d5 {[%emt 0:00:33] White is more active.} Ne7 35. Rxb4 Nxd5 36. Nc5 ({White should try} 36. Re4 $16) 36... Nxb4 $11 {[%emt 0:02:42] The position is equal.} 37. Nxd7 {[%emt 0:00:01] KN-KN} Nd3 38. b3 Ne1+ 39. Kf1 Nf3 40. Kg2 Ne1+ 41. Kg1 Ke6 42. Nf8+ Kf7 43. Nxh7 Nc2 44. f4 g6 45. Kf2 Kg7 46. Nxf6 Kxf6 {[%emt 0:00:02] KN-KP} 47. g4 Ke6 48. Kg3 Kf6 49. h3 Ke6 50. h4 Kf6 51. g5+ Kf5 52. h5 gxh5 {[%emt 0:00:05] KN-K3P} 53. Kh4 Kg6 54. f5+ {[%emt 0:00:11][%mdl 64] [#] Deflection} Kxf5 55. Kxh5 {[%emt 0:00:05] KN-KPP} Nd4 56. b4 Ne6 57. b5 {[%emt 0:00:25] Hoping for b6.} Ke5 58. g6 Nf4+ 59. Kg5 Nxg6 60. Kxg6 Kd6 {[%emt 0:00:03] Weighted Error Value: White=0.06 (flawless) /Black=0.05 (flawless)} 1/2-1/2

[Event "ETCC Open 2023"]
[Site "Budva"]
[Date "2023.11.11"]
[Round "1.68"]
[White "Kourkoulos-Arditis, Stamatis"]
[Black "Rodgaard, John"]
[Result "1-0"]
[ECO "C14"]
[WhiteElo "2543"]
[BlackElo "2281"]
[Annotator "RC"]
[PlyCount "57"]
[EventDate "2023.11.10"]
[EventType "team-tourn"]
[EventCountry "MNE"]
[SourceTitle "playchess.com"]
[Source "ChessBase"]
[SourceQuality "1"]
[WhiteTeam "Greece"]
[BlackTeam "Faroe Islands"]
[WhiteTeamCountry "GRE"]
[BlackTeamCountry "FAI"]
[TimeControl "40/5400+30:1800+30"]

1. e4 e6 2. d4 d5 3. Nc3 Nf6 4. Bg5 Be7 5. e5 Nfd7 6. h4 c5 7. Bxe7 Kxe7 8. Nf3 Nc6 9. dxc5 Qa5 10. Qd2 Qxc5 11. O-O-O h6 12. Bb5 Nb6 13. a3 Nc4 14. Bxc4 Qxc4 15. h5 Bd7 16. Rh4 Qc5 17. Kb1 Rac8 18. Ne4 Qb6 19. Nd6 Rc7 20. Rg4 Kf8 21. Qf4 Be8 22. Nh4 Nxe5 23. Qxe5 f6 24. Qxe6 Re7 25. Qxe7+ Kxe7 26. Nc8+ Kf8 27. Nxb6 Bxh5 28. Ng6+ Bxg6 29. Rxg6 1-0

[Event "ETCC Open 2023"]
[Site "Budva"]
[Date "2023.11.11"]
[Round "1.69"]
[White "Moroni, Luca Jr"]
[Black "Saraci, Nderim"]
[Result "1-0"]
[ECO "A22"]
[WhiteElo "2575"]
[BlackElo "2466"]
[Annotator "TA"]
[PlyCount "69"]
[EventDate "2023.11.10"]
[EventType "team-tourn"]
[EventCountry "MNE"]
[SourceTitle "playchess.com"]
[Source "ChessBase"]
[SourceQuality "1"]
[WhiteTeam "Italy"]
[BlackTeam "Kosovo"]
[WhiteTeamCountry "ITA"]
[BlackTeamCountry "KOS"]
[TimeControl "40/5400+30:1800+30"]

1. c4 Nf6 2. Nc3 e5 3. e3 d5 4. cxd5 Nxd5 5. Nf3 Nxc3 6. bxc3 {[%emt 0:00:33] A22: English Opening: 1...e5 2 Nc3 Nf6.} Bd6 7. d4 Nd7 8. Bd3 {[%emt 0:04:00] White is slightly better.} Qe7 9. e4 {[%emt 0:05:51] [#]} O-O $146 ({Predecessor:} 9... exd4 10. cxd4 c5 11. e5 cxd4 12. O-O Bb4 13. Bg5 Qc5 14. Rc1 Bc3 15. Bd2 h6 16. Nxd4 Qxd4 17. Bxc3 Qb6 18. e6 Nf6 19. Rb1 Qc7 20. Bb5+ Kf8 21. e7+ {1-0 Golombek,H-Hallmark,A British CF-46 Championship 1959 (5)}) 10. O-O c5 11. d5 f5 12. exf5 (12. Bg5 $16 Nf6 13. Nd2 (13. exf5 e4 $11)) 12... e4 $11 13. Re1 Nf6 14. g4 {[%emt 0:04:38] [#]} (14. Bg5 $1 $11 Bxf5 15. Nh4) 14... Qc7 $2 (14... g6 $1 $17 {[%cal Rg6f5] stays on course.} 15. Bh6 gxf5) 15. Bxe4 $16 Nxg4 16. Ng5 $1 Bxh2+ 17. Kg2 $1 ({Reject} 17. Kf1 Nxf2 18. d6 (18. Qh5 $2 h6 $19) 18... Nxd1 $11) 17... Nf6 {[%emt 0:14:03] Strongly threatening ...Nxe4.} (17... Bxf5 $2 18. Bxf5 Rxf5 19. Qxg4 $18) 18. Ne6 $36 {[%emt 0:02:16][%mdl 2048] White has strong initiative. The board is on fire.} Bxe6 19. fxe6 Nxe4 (19... Bd6 $142) 20. Rxe4 {[%emt 0:00:10][%cal Of2f4] f4! is the strong threat.} Be5 21. Be3 {[%emt 0:04:00] Active counter play!} (21. Bg5 $16 {aiming for e7.} Rae8 22. Rb1) 21... b5 $2 {[%emt 0:03:15][%mdl 8192] This move loses the game for Black.} ({Black should try} 21... Rf5 $1 $14) 22. Rb1 (22. Qh5 $142 Bxc3 23. Rh1) 22... a6 $2 (22... Rf5 {was worth a try.} 23. Rxb5 Raf8 24. Rxc5 Qe7) 23. a4 Rab8 $2 (23... Bd6 {is a better defense.} 24. axb5 axb5 25. Rxb5 Ra7) 24. Qe2 (24. Qh5 $142 Bd6 25. e7 Bxe7 26. Rh1) 24... c4 $2 (24... Bd6 {is tougher.} 25. axb5 axb5 26. Rxb5 Rxb5 27. Qxb5 Qe7) 25. axb5 $18 axb5 26. Rd1 Qd6 {[%emt 0:01:59] [#]} (26... Bxc3 $2 27. e7 $18) (26... Rf5 $142 27. Qg4 g6) 27. Bc5 $1 {[%emt 0:01:04][%mdl 576] Deflection} Qxc5 28. Rxe5 {[%emt 0:00:01] e7 would be deadly.} Qd6 29. e7 Rfe8 30. Re6 Qd7 31. Qe4 {[%emt 0:01:04] Black is weak on the dark squares} Rb7 32. d6 {[%emt 0:01:09] Threatening mate with Rh1.} Rb6 33. Rh1 {[%emt 0:01:41] White mates.} Rxd6 34. Qxh7+ Kf7 35. Qg6+ {[%emt 0:00:06] Weighted Error Value: White=0.72/Black=1.23} 1-0

[Event "ETCC Open 2023"]
[Site "Budva"]
[Date "2023.11.11"]
[Round "1.70"]
[White "Uruci, Endrit"]
[Black "Sonis, Francesco"]
[Result "0-1"]
[ECO "C01"]
[WhiteElo "2315"]
[BlackElo "2564"]
[Annotator "RC"]
[PlyCount "68"]
[EventDate "2023.11.10"]
[EventType "team-tourn"]
[EventCountry "MNE"]
[SourceTitle "playchess.com"]
[Source "ChessBase"]
[SourceQuality "1"]
[WhiteTeam "Kosovo"]
[BlackTeam "Italy"]
[WhiteTeamCountry "KOS"]
[BlackTeamCountry "ITA"]
[TimeControl "40/5400+30:1800+30"]

1. e4 e6 2. d4 d5 3. exd5 exd5 4. Bd3 Bd6 5. Ne2 Nf6 6. O-O O-O 7. Bf4 Bg4 8. f3 Bh5 9. Nbc3 Bg6 10. Re1 Re8 11. Qd2 c6 12. Ng3 Bxf4 13. Qxf4 Nbd7 14. Nce2 Qb6 15. Qd2 Qxb2 16. Reb1 Qa3 17. Rxb7 Nb6 18. Nf4 Qb2 19. Rd1 Qxd4+ 20. Kh1 Qc5 21. h4 Qd6 22. h5 Bxd3 23. cxd3 Qe5 24. Rc1 Qg5 25. Kh2 Rec8 26. Re1 Nbd7 27. Re7 Nc5 28. Rxa7 Rxa7 29. Rxa7 Ne6 30. Nge2 Nxh5 31. g3 Nxg3 32. Nxg3 Nxf4 33. Nf1 Re8 34. Ra4 Re2+ 0-1

[Event "ETCC Open 2023"]
[Site "Budva"]
[Date "2023.11.11"]
[Round "1.71"]
[White "Lodici, Lorenzo"]
[Black "Asllani, Muhamet"]
[Result "1/2-1/2"]
[ECO "E06"]
[WhiteElo "2550"]
[BlackElo "2216"]
[Annotator "RC"]
[PlyCount "128"]
[EventDate "2023.11.10"]
[EventType "team-tourn"]
[EventCountry "MNE"]
[SourceTitle "playchess.com"]
[Source "ChessBase"]
[SourceQuality "1"]
[WhiteTeam "Italy"]
[BlackTeam "Kosovo"]
[WhiteTeamCountry "ITA"]
[BlackTeamCountry "KOS"]
[TimeControl "40/5400+30:1800+30"]

1. d4 Nf6 2. c4 e6 3. g3 d5 4. Nf3 Be7 5. Bg2 O-O 6. Qc2 c5 7. O-O Nc6 8. dxc5 d4 9. Nbd2 Bxc5 10. Nb3 Qb6 11. a3 a5 12. e3 e5 13. exd4 exd4 14. Bd2 a4 15. Nxc5 Qxc5 16. b4 axb3 17. Qxb3 Na5 18. Qb4 Qh5 19. Nxd4 Bh3 20. Rfe1 Bxg2 21. Kxg2 Rfc8 22. Nf3 Nxc4 23. Bg5 Nd5 24. Qxb7 Ncb6 25. Rec1 h6 26. Rxc8+ Rxc8 27. Bd2 Rc2 28. Rc1 Rb2 29. Qc6 Rb3 30. Qe8+ Kh7 31. Qe4+ f5 32. Qe2 Qg4 33. Ra1 Na4 34. Bc1 Nc5 35. h3 Qe4 36. Qxe4 fxe4 37. Ne1 Nd3 38. Nxd3 exd3 39. Kf1 Nb6 40. Ke1 Nc4 41. a4 Rc3 42. Be3 Rc2 43. Ba7 Re2+ 44. Kf1 Nd2+ 45. Kg2 Nc4 46. Bd4 Rc2 47. Kf3 Nd2+ 48. Ke3 Nb3 49. Rd1 d2 50. Bb6 Ra2 51. Kd3 Rxa4 52. Kc3 Na5 53. Be3 Nc4 54. Bd4 Nd6 55. Kd3 Nc4 56. Bc3 Kg6 57. Rb1 h5 58. Ke2 Ra3 59. Bd4 h4 60. gxh4 Rxh3 61. Rg1+ Kf5 62. Bxg7 Rxh4 63. Bc3 Re4+ 64. Kd1 Re1+ 1/2-1/2

[Event "ETCC Open 2023"]
[Site "Budva"]
[Date "2023.11.11"]
[Round "1.72"]
[White "Saraci, Korab"]
[Black "Dvirnyy, Danyyil"]
[Result "0-1"]
[ECO "B19"]
[WhiteElo "2200"]
[BlackElo "2495"]
[Annotator "RC"]
[PlyCount "96"]
[EventDate "2023.11.10"]
[EventType "team-tourn"]
[EventCountry "MNE"]
[SourceTitle "playchess.com"]
[Source "ChessBase"]
[SourceQuality "1"]
[WhiteTeam "Kosovo"]
[BlackTeam "Italy"]
[WhiteTeamCountry "KOS"]
[BlackTeamCountry "ITA"]
[TimeControl "40/5400+30:1800+30"]

1. e4 c6 2. d4 d5 3. Nd2 dxe4 4. Nxe4 Bf5 5. Ng3 Bg6 6. Nf3 Nd7 7. h4 h6 8. Bd3 Bxd3 9. Qxd3 e6 10. O-O Ngf6 11. Re1 Be7 12. a4 O-O 13. Qb3 Qb6 14. Qxb6 axb6 15. Bd2 Bd6 16. Ne5 Rfd8 17. Nf1 c5 18. Nc4 Bc7 19. dxc5 bxc5 20. b3 Nd5 21. Nfe3 Ne7 22. Bc3 Nc6 23. Na3 Be5 24. Bxe5 Ndxe5 25. Nb5 Nd4 26. Nxd4 cxd4 27. Nd1 Ng6 28. g3 Rac8 29. Re2 Ne7 30. Nb2 Nc6 31. Rd1 Nb4 32. Nc4 Na2 33. Re5 Nc3 34. Ra1 Rc6 35. Ra5 f6 36. Ra7 Rc7 37. Na3 e5 38. a5 Nd5 39. Kf1 Nb4 40. Nb5 Rcd7 41. a6 bxa6 42. Rxd7 Rxd7 43. Na3 Rc7 44. Ke2 Nxc2 45. Rc1 d3+ 46. Kxd3 Nb4+ 47. Kd2 Rxc1 48. Kxc1 Nd3+ 0-1

[Event "ETCC Open 2023"]
[Site "Budva"]
[Date "2023.11.11"]
[Round "1.73"]
[White "Muir, Andrew J"]
[Black "Subelj, Jan"]
[Result "0-1"]
[ECO "E41"]
[WhiteElo "2227"]
[BlackElo "2513"]
[Annotator "RC"]
[PlyCount "48"]
[EventDate "2023.11.10"]
[EventType "team-tourn"]
[EventCountry "MNE"]
[SourceTitle "playchess.com"]
[Source "ChessBase"]
[SourceQuality "1"]
[WhiteTeam "Scotland"]
[BlackTeam "Slovenia"]
[WhiteTeamCountry "SCO"]
[BlackTeamCountry "SLO"]
[TimeControl "40/5400+30:1800+30"]

1. d4 Nf6 2. c4 e6 3. Nc3 Bb4 4. e3 c5 5. Bd3 Nc6 6. Nf3 O-O 7. O-O Bxc3 8. bxc3 d6 9. e4 e5 10. Re1 cxd4 11. cxd4 Bg4 12. dxe5 Nxe5 13. Bf4 Bxf3 14. gxf3 Nh5 15. Bg3 Qf6 16. Be2 Nf4 17. Bxf4 Qxf4 18. Qb3 f5 19. Qxb7 Rab8 20. Qd5+ Kh8 21. Rab1 Rbd8 22. exf5 Rxf5 23. Qe4 Rg5+ 24. Kh1 Ng4 0-1

[Event "ETCC Open 2023"]
[Site "Budva"]
[Date "2023.11.11"]
[Round "1.74"]
[White "Sebenik, Matej"]
[Black "Morrison, Graham"]
[Result "1-0"]
[ECO "B13"]
[WhiteElo "2531"]
[BlackElo "2221"]
[Annotator "RC"]
[PlyCount "65"]
[EventDate "2023.11.10"]
[EventType "team-tourn"]
[EventCountry "MNE"]
[SourceTitle "playchess.com"]
[Source "ChessBase"]
[SourceQuality "1"]
[WhiteTeam "Slovenia"]
[BlackTeam "Scotland"]
[WhiteTeamCountry "SLO"]
[BlackTeamCountry "SCO"]
[TimeControl "40/5400+30:1800+30"]

1. d4 Nf6 2. Bf4 d5 3. e3 c5 4. Nf3 Nc6 5. Nbd2 cxd4 6. exd4 Bg4 7. c3 Bxf3 8. Nxf3 e6 9. Qb3 Qc8 10. Bd3 Be7 11. O-O O-O 12. Rae1 Na5 13. Qc2 Nc4 14. Ne5 b5 15. Bg5 h6 16. Bh4 b4 17. Bxc4 dxc4 18. Bxf6 gxf6 19. Ng6 Re8 20. Re3 Bd6 21. f4 b3 22. axb3 cxb3 23. Qd3 f5 24. Ne5 Qc7 25. Rh3 Bf8 26. Qg3+ Kh7 27. Qg5 Bg7 28. Rff3 Qe7 29. Qh5 Rf8 30. Rfg3 f6 31. Qg6+ Kh8 32. Rxh6+ Bxh6 33. Qxh6+ 1-0

[Event "ETCC Open 2023"]
[Site "Budva"]
[Date "2023.11.11"]
[Round "1.75"]
[White "Mitchell, Martin"]
[Black "Skoberne, Jure"]
[Result "1/2-1/2"]
[ECO "E68"]
[WhiteElo "2186"]
[BlackElo "2538"]
[Annotator "RC"]
[PlyCount "62"]
[EventDate "2023.11.10"]
[EventType "team-tourn"]
[EventCountry "MNE"]
[SourceTitle "playchess.com"]
[Source "ChessBase"]
[SourceQuality "1"]
[WhiteTeam "Scotland"]
[BlackTeam "Slovenia"]
[WhiteTeamCountry "SCO"]
[BlackTeamCountry "SLO"]
[TimeControl "40/5400+30:1800+30"]

1. d4 Nf6 2. c4 d6 3. Nc3 e5 4. Nf3 exd4 5. Nxd4 g6 6. g3 Bg7 7. Bg2 O-O 8. O-O Re8 9. e4 Nbd7 10. Re1 Nc5 11. h3 Bd7 12. Rb1 Qc8 13. Kh2 Re5 14. b4 Ne6 15. Nxe6 Bxe6 16. Nd5 Bxd5 17. cxd5 Qe8 18. Bb2 Re7 19. Qd3 Qa4 20. Qf3 Ne8 21. Bxg7 Kxg7 22. Qc3+ Kg8 23. Re2 Qb5 24. Re3 a5 25. a4 axb4 26. Rxb4 Qa5 27. f4 b6 28. Bf1 Qc5 29. Rc4 Qa5 30. Rb4 Qc5 31. Rc4 Qa5 1/2-1/2

[Event "ETCC Open 2023"]
[Site "Budva"]
[Date "2023.11.11"]
[Round "1.76"]
[White "Borisek, Jure"]
[Black "Grant, Jonathan I M"]
[Result "1-0"]
[ECO "B12"]
[WhiteElo "2568"]
[BlackElo "2150"]
[Annotator "RC"]
[PlyCount "59"]
[EventDate "2023.11.10"]
[EventType "team-tourn"]
[EventCountry "MNE"]
[SourceTitle "playchess.com"]
[Source "ChessBase"]
[SourceQuality "1"]
[WhiteTeam "Slovenia"]
[BlackTeam "Scotland"]
[WhiteTeamCountry "SLO"]
[BlackTeamCountry "SCO"]
[TimeControl "40/5400+30:1800+30"]

1. e4 c6 2. d4 d5 3. e5 Bf5 4. Nf3 e6 5. Be2 h6 6. O-O Ne7 7. Nbd2 Nd7 8. Nb3 a5 9. a4 Qc7 10. Bd2 g5 11. Ne1 c5 12. c3 Bg7 13. Be3 Bg6 14. Nxc5 Nxc5 15. dxc5 Bxe5 16. Nf3 Bg7 17. Nd4 Nf5 18. Bb5+ Ke7 19. Nxf5+ Bxf5 20. Qd2 Be5 21. g3 Rag8 22. Bd4 Bxd4 23. Qxd4 h5 24. Rad1 g4 25. Rfe1 Kf8 26. c4 h4 27. cxd5 hxg3 28. fxg3 Rh3 29. dxe6 fxe6 30. Qf6+ 1-0

[Event "ETCC Open 2023"]
[Site "Budva"]
[Date "2023.11.12"]
[Round "2.1"]
[White "Keymer, Vincent"]
[Black "Erdos, Viktor"]
[Result "1-0"]
[ECO "E06"]
[WhiteElo "2721"]
[BlackElo "2557"]
[Annotator "TA"]
[PlyCount "81"]
[EventDate "2023.11.10"]
[EventType "team-tourn"]
[EventCountry "MNE"]
[SourceTitle "playchess.com"]
[Source "ChessBase"]
[SourceQuality "1"]
[WhiteTeam "Germany"]
[BlackTeam "Hungary"]
[WhiteTeamCountry "GER"]
[BlackTeamCountry "HUN"]
[TimeControl "40/5400+30:1800+30"]

1. d4 Nf6 2. c4 e6 3. g3 d5 4. Bg2 Be7 5. Nf3 O-O 6. Qc2 c6 7. O-O b6 {[%emt 0:00:21] outshines the older 7...Nbd7.} 8. Nbd2 c5 {[%emt 0:02:15] E06: Closed Catalan: Early deviations.} 9. dxc5 bxc5 10. b3 Bb7 {[%emt 0:05:07] White has an edge.} 11. Bb2 Nbd7 12. cxd5 exd5 13. Rad1 Re8 {[%emt 0:12:43] [#]} 14. Nb1 $146 ({Predecessor:} 14. Rfe1 a5 15. Bxf6 Nxf6 16. e4 d4 17. Ne5 Nd7 18. Nec4 {½-½ Keevil,P (2284)-Zboril,R (2317) W-ch WS/M/681 email 2018}) 14... Bf8 15. e3 Rc8 16. Nc3 Qa5 17. Qd2 Qa6 18. Rfe1 c4 19. Bf1 Nc5 (19... Bb4 $17 {Threatens to win with ...Qa5.} 20. Qd4 Nc5) 20. Nd4 Nce4 21. Qc2 Nxc3 (21... Qb6 $1 $15 22. bxc4 dxc4) 22. Bxc3 $11 Ne4 {[%emt 0:00:03][%cal Oc4b3] Hoping for ...cxb3!} 23. Rb1 h5 24. Ba1 h4 25. f3 Nc5 26. bxc4 hxg3 27. hxg3 Qh6 {[%emt 0:00:00] [#]} 28. Qf2 (28. Nf5 $1 $16 Qg6 29. g4) 28... Ba6 (28... dxc4 $11 {keeps the balance.} 29. Bxc4 Ba6 30. Bxa6 Qxa6) 29. cxd5 $16 {[%emt 0:00:00] aiming for e4.} Bxf1 30. Qxf1 {[%emt 0:00:00] Strongly threatening e4.} Qg5 {[%emt 0:00:47] [#]} (30... Re5 $16 {was necessary.}) 31. e4 $1 $18 {[%emt 0:00:00] Nf5 would be deadly.} Nd3 $2 (31... Qxg3+ {is a better chance.} 32. Qg2 Qxg2+ 33. Kxg2 f6) 32. Qxd3 {[%emt 0:00:00] White is clearly winning.} Qxg3+ 33. Kf1 Qh3+ 34. Ke2 f5 35. Kd2 Bd6 36. Bc3 fxe4 37. fxe4 Bf4+ 38. Kc2 Rxc3+ 39. Qxc3 Rc8 40. Nc6 Qg2+ 41. Kb3 {[%emt 0:31:05] Weighted Error Value: White=0.18 (very precise) /Black=0.41} 1-0